 Dungeon Crawl Stone Soup version 0.14-a0-3367-g7c2a7eb (webtiles) character file.

141991 Herrn the Warrior (level 16, -2/151 HPs)
             Began as a Minotaur Fighter on Mar 18, 2014.
             Was the Champion of Okawaru.
             Killed from afar by a deep elf sorcerer (31 damage)
             ... with a blast of hellfire
             ... on Level 3 of the Elven Halls on Mar 19, 2014.
             The game lasted 04:31:40 (34248 turns).

Herrn the Warrior (Minotaur Fighter)               Turns: 34248, Time: 04:31:40

HP  -2/151       AC 20     Str 30      XL: 16   Next: 78%
MP  28/28        EV 18     Int 12      God: Okawaru [******]
Gold 550         SH 38     Dex 23      Spells:  1 memorised, 21 levels left

rFire  + . .     SeeInvis .     L - +13,+2 demon blade "Giantslayer" {freeze, Int+3}
rCold  + . .     Clarity  +     y - +1 plate armour of the Salmon {Str+3 Int+1}
rNeg   . . .     Conserve .     j - +5 shield of Resistance {rF+ rC+ MR+}
rPois  .         rCorr    .     (helmet restricted)
rElec  .         rRot     .     (no cloak)
SustAb . .       Spirit   .     V - +2 pair of gloves {Str+3}
rMut   .         Warding  .     (no boots)
Saprov . . .     Stasis   .     u - amulet of clarity
MR     ++...                    l - ring of Equivalence {Str+3 Int+3 Dam+6}
                                x - +4 ring of dexterity

@: very resistant to hostile enchantments, extremely unstealthy
A: retaliatory headbutt, horns 2, thin skeletal structure 1
a: Heroism, Finesse, Renounce Religion


You were on level 3 of the Elven Halls.
You worshipped Okawaru.
Okawaru was exalted by your worship.
You were very hungry.

You visited 6 branches of the dungeon, and saw 32 of its levels.
You visited the Abyss 1 time.
You also visited: Labyrinth.

You collected 2689 gold pieces.
You spent 2139 gold pieces at shops.

Inventory:

Hand weapons
 r - the +10,+4 long sword "Ogeydi" {holy, Noisy rElec Dex+4}
   (Okawaru gifted it to you on level 13 of the Dungeon)

   It has been blessed by the Shining One to cause great damage to the undead
   and demons.
   It affects your dexterity (+4).
   It insulates you from electricity.
   It may make noises in combat.
 J - the +5,+4 falchion of Drought {vamp, Str+1 SInv}
   (You found it on level 6 of the Dungeon)

   It inflicts no extra harm, but heals its wielder somewhat when it strikes a
   living foe.
   It affects your strength (+1).
   It enhances your eyesight.
 L - the +13,+2 demon blade "Giantslayer" (weapon) {freeze, Int+3}
   (Okawaru gifted it to you on level 13 of the Dungeon)

   It has been specially enchanted to freeze those struck by it, causing extra
   injury to most foes and up to double damage against particularly susceptible
   opponents.
   It can also slow down cold-blooded creatures.
   It affects your intelligence (+3).
 P - a +7,+2 long sword of flaming
Armour
 j - the +5 shield of Resistance (worn) {rF+ rC+ MR+}
   (You bought it in a shop on level 4 of the Orcish Mines)

   It protects you from fire.
   It protects you from cold.
   It affects your resistance to hostile enchantments.
 y - the +1 plate armour of the Salmon (worn) {Str+3 Int+1}
   (Okawaru gifted it to you on level 3 of the Lair of Beasts)

   It affects your strength (+3).
   It affects your intelligence (+1).
 F - a +5 plate armour of cold resistance
 K - the +4 ring mail of the Will of the Gods {+Blink rN+ Acc+4 Stlth++}
   (You found it on level 7 of the Dungeon)

   It affects your accuracy with ranged weapons and melee attacks (+4).
   It protects you from negative energy.
   It lets you blink.
   It makes you much more stealthy.
 V - a +2 pair of gloves of strength (worn)
Magical devices
 e - a wand of teleportation (4)
 h - a wand of fireball (3)
 v - a wand of fireball (2)
 O - a wand of disintegration (16)
 S - a wand of digging (24)
 T - a wand of lightning (3)
 Y - a wand of fire (7)
Comestibles
 d - 10 bread rations
 f - 11 meat rations
 D - 3 pears
Scrolls
 g - 10 scrolls of remove curse
 k - 4 scrolls of vulnerability
 m - 2 scrolls of amnesia
 n - a scroll of teleportation
 o - 4 scrolls of identify
 M - 3 scrolls of blinking
Jewellery
 a - an uncursed ring of protection from magic
 l - the ring of Equivalence (right hand) {Str+3 Int+3 Dam+6}
   (You found it in a labyrinth)

   [ring of slaying]

   It affects your damage-dealing abilities (+6).
   It affects your strength (+3).
   It affects your intelligence (+3).
 s - an uncursed ring of flight
 u - an amulet of clarity (around neck)
 w - an uncursed ring of positive energy
 x - a +4 ring of dexterity (left hand)
 E - an uncursed ring of sustain abilities
Potions
 c - 4 potions of resistance
 i - a potion of berserk rage
 t - a potion of mutation
 z - 11 potions of curing
 A - 2 potions of heal wounds
 B - 5 potions of haste
 C - 3 potions of might
 I - 2 potions of magic
 U - 2 potions of agility
 W - 4 potions of lignification
Books
 b - a book of the Earth

   Spells                             Type                      Level
   Leda's Liquefaction                Hexes/Earth                  4
   Bolt of Magma                      Conjuration/Fire/Earth       5
   Statue Form                        Transmutation/Earth          6
   Iron Shot                          Conjuration/Earth            6
   *Shatter                           Earth                        9
 p - a book of Air

   Spells                             Type                      Level
   Shock                              Conjuration/Air              1
   Swiftness                          Charms/Air                   2
   Repel Missiles                     Charms/Air                   2
   Flight                             Charms/Air                   3
   Static Discharge                   Conjuration/Air              3
   Lightning Bolt                     Conjuration/Air              5
 q - a book of Beasts

   Spells                             Type                      Level
   Summon Butterflies                 Summoning                    1
   Call Canine Familiar               Summoning                    3
   Summon Ice Beast                   Ice/Summoning                4
   Summon Mana Viper                  Hexes/Summoning              5
   Monstrous Menagerie                Summoning                    6
   Summon Hydra                       Summoning                    7
 G - a book of Clouds

   Spells                             Type                      Level
   Mephitic Cloud                     Conjuration/Poison/Air       3
   Conjure Flame                      Conjuration/Fire             3
   Poisonous Cloud                    Conjuration/Poison/Air       6
   Freezing Cloud                     Conjuration/Ice/Air          6
   Ring of Flames                     Charms/Fire                  7
 H - a book of Power

   Spells                             Type                      Level
   Fulminant Prism                    Conjuration/Hexes            4
   Iskenderun's Mystic Blast          Conjuration                  4
   Venom Bolt                         Conjuration/Poison           5
   Bolt of Magma                      Conjuration/Fire/Earth       5
   Iron Shot                          Conjuration/Earth            6
   Orb of Destruction                 Conjuration                  7
 Q - a book of Annihilations {highlevel}

   This book is beyond your current level of understanding.

   Spells                             Type                      Level
   Poison Arrow                       Conjuration/Poison           6
   Chain Lightning                    Conjuration/Air              8
   Lehudib's Crystal Spear            Conjuration/Earth            8
   Glaciate                           Conjuration/Ice              9
   Fire Storm                         Conjuration/Fire             9
 R - a book of Dreams

   Spells                             Type                      Level
   Ensorcelled Hibernation            Hexes/Ice                    2
   Flight                             Charms/Air                   3
   Phase Shift                        Translocation                5
   Shadow Creatures                   Summoning                    5
   Mass Confusion                     Hexes                        6
   Darkness                           Hexes                        7
Miscellaneous
 N - a disc of storms
 X - a stone of tremors
 Z - a crystal ball of energy


   Skills:
 * Level 15.9 Fighting
 + Level 15.4 Long Blades
 + Level 12.2 Armour
 + Level 12.8 Dodging
 + Level 15.7 Shields
 * Level 7.9 Spellcasting
 * Level 2.9 Earth Magic
 - Level 5.0 Invocations
 - Level 5.0 Evocations


You had 21 spell levels left.
You knew the following spells:

 Your Spells              Type           Power        Failure   Level  Hunger
a - Shatter               Erth           ##........   100%        9    #######


Dungeon Overview and Level Annotations

Branches:
Dungeon (15/15)            Temple (1/1) D:5             Orc (4/4) D:9
    Elf (3/3) Orc:3          Lair (8/8) D:8           Swamp (0/5) Lair:4
  Snake (1/5) Lair:6        Slime (0/6) Lair:8       Vaults (0/5) D:14
 Depths (0/5) D:15

Altars:
Ashenzari
Cheibriados
Dithmenos
Elyvilon
Fedhas
Kikubaaqudgha
Makhleb
Nemelex Xobeh
Okawaru
Sif Muna
Trog
Vehumet
Xom
Yredelemnul
Zin
The Shining One
Beogh
Jiyva

Shops:
D:11 (?[[   Orc:1 [!   Orc:4 %:}[   Elf:1 (   Elf:2 %


Innate Abilities, Weirdness & Mutations

You reflexively headbutt those who attack you in melee.
You have a pair of horns on your head.
You have a somewhat thin skeletal structure (Dex +2, Stlth).


Message History

The deep elf blademaster is heavily wounded.
The deep elf blademaster hits you with a short sword!
* * * LOW HITPOINT WARNING * * *
The deep elf blademaster hits you but does no damage.
You barely miss the deep elf blademaster.
You headbutt the deep elf blademaster!
The deep elf blademaster is heavily wounded.
The smoke demon gestures at you. Something smites you!
* * * LOW HITPOINT WARNING * * *
You block the deep elf blademaster's attack. x2
Things that are here:
a short sword; an elf corpse
As you read the scroll of blinking, it crumbles to dust.
A powerful magic interferes with your control of the blink.
You blink.
The deep elf demonologist mumbles some strange words.
The deep elf sorcerer gestures at you while chanting.
The hellfire explodes!
The blast of hellfire engulfs you!
You die... e.3 #.# #.## #ee

#.# #... #.e #.#
##### #e) #.#
#.... #e. #.#
#.### #..
##'####.###
#2e#######
#.....#.#:.
#3e)e)...#
#.......#.#
######.#@#
#.......... #.#.#
####<..##.##.#
#.#.#
#.###.###.##.#
#.#.###.# #.#
#.##.# #.......#
#.# #.##)#
###.###.# #.#
#.##.#
#...#.###.###.##.#
###.#.........##.#
#.#####.######.#


You could see 2 deep elf sorcerers, a shadow demon, a deep elf demonologist and
a smoke demon.

Vanquished Creatures
  A tentacled starspawn (Abyss:1)
  Frances (D:15)
  Roxanne (D:14)
  3 deep elf sorcerers
  Donald (Orc:4)
  Aizul (Snake:1)
  An orc warlord (Orc:4)
  A reaper (Abyss:1)
  A deep elf demonologist (Elf:1)
  3 deep elf annihilators (Elf:3)
  An ettin (D:15)
  A deep elf death mage (Elf:2)
  A minotaur (Lab)
  An ogre mage (D:15)
  Fannar (Orc:4)
  Harold (Lair:1)
  11 hydras
  An anaconda (Snake:1)
  A deep troll shaman (Lair:8)
  8 death yaks
  2 tengu warriors
  2 spectral elves (Elf:2)
  Urug (D:13)
  4 catoblepae
  4 centaur warriors
  Nergalle (Lair:1)
  A wretched star (Abyss:1)
  10 deep elf knights
  A giant orange brain (Abyss:1)
  8 deep elf summoners
  6 unseen horrors
  A large abomination (Abyss:1)
  A lindwurm (Lair:8)
  A deep troll (D:15)
  Erolcha (D:13)
  8 hill giants
  10 deep elf conjurers
  6 orc sorcerers
  5 orc knights
  A mana viper (shapeshifter) (D:15)
  4 cyclopes
  2 manticores (D:13)
  A sixfirhy (Elf:2)
  2 griffons
  2 salamanders (shapeshifter)
  A worldbinder (Abyss:1)
  16 elephants
  6 black mambas
  4 gargoyles
  An orange demon (Elf:1)
  4 kobold demonologists
  An efreet (D:15)
  3 small abominations
  6 spiny frogs
  7 yaktaurs
  A redback zombie (D:15)
  3 fire drakes
  Grinder (D:5)
  A centaur skeleton (D:12)
  2 freezing wraiths
  7 komodo dragons
  6 trolls
  4 deep elf priests
  A tengu conjurer (D:14)
  6 boggarts
  2 blue devils
  3 ravens (D:14)
  2 two-headed ogres (D:12)
  A minotaur skeleton (Lab)
  4 slime creatures
  14 blink frogs
  7 basilisks
  A spriggan (shapeshifter) (Elf:1)
  3 redbacks
  2 shadows
  3 wyverns
  A trapdoor spider (Lab)
  8 sharks
  A grizzly bear (Lair:8)
  A fire dragon skeleton (D:15)
  3 wraiths
  2 elephant slugs
  A tarantella (Elf:2)
  13 ugly things
  30 deep elf magi
  2 vampires
  3 hippogriffs
  Eustachio (D:8)
  41 yaks
  Grum (D:8)
  A warg (Orc:3)
  19 wolves
  18 deep elf fighters
  4 vampire mosquitoes
  3 nagas
  A steam dragon (D:12)
  2 hungry ghosts
  A swamp worm (Lair:4)
  Edmund (D:7)
  A chaos spawn (Orc:4)
  6 mottled dragons
  2 soldier ants
  13 porcupines
  A black bear (Lair:2)
  13 water moccasins
  14 ice beasts
  2 manticore skeletons (D:14)
  35 orc warriors
  4 sky beasts
  7 giant goldfish
  A yellow wasp (D:12)
  10 ogres
  3 phantoms
  14 centaurs
  18 crocodiles
  6 big kobolds
  Duvessa (D:6)
  A boring beetle (shapeshifter) (D:14)
  5 gnoll sergeants
  6 giant slugs
  21 giant frogs
  A giant slug zombie (D:15)
  3 cyclops zombies
  An eye of draining (D:10)
  A yak zombie (D:8)
  3 scorpions
  3 killer bees (D:10)
  A wight (D:15)
  A quasit (D:10)
  A troll skeleton (D:9)
  A spriggan skeleton (Lab)
  A hippogriff skeleton (D:4)
  4 electric eels
  2 goliath beetles
  A giant frog zombie (D:8)
  Dowan (D:6)
  An elf zombie (Elf:1)
  A basilisk zombie (D:15)
  4 crimson imps
  31 orc priests
  A giant frog skeleton (D:4)
  23 hounds
  8 big fish
  A gnoll shaman (D:8)
  3 iguanas
  9 worker ants
  5 sheep (Lair:4)
  28 orc wizards
  2 orange rats
  Terence (D:3)
  15 adders
  46 green rats
  30 gnolls
  4 giant mites
  2 shadow imps
  6 worms
  5 orc skeletons
  5 giant eyeballs
  9 giant geckos
  An ooze (D:2)
  178 orcs
  5 giant cockroaches
  19 goblins
  21 hobgoblins
  18 jackals
  15 quokkas
  2 ball pythons
  28 bats
  4 giant newts
  A hobgoblin skeleton (D:6)
  36 kobolds
  8 orc zombies (Orc:4)
  24 rats
  A rat zombie (D:8)
  A ballistomycete (D:14)
  2 crawling corpses (Elf:2)
  3 fungi
  2 plants
  A starspawn tentacle (Abyss:1)
1226 creatures vanquished.

Vanquished Creatures (collateral kills)
  A water moccasin (Lair:4)
  A giant gecko (Lair:4)
  A jackal (Lair:4)
3 creatures vanquished.

Vanquished Creatures (others)
  A deep elf fighter (Elf:1)
  An orc (Orc:4)
  A giant spore (D:14)
  A goblin (Orc:1)
  4 fungi
  2 starspawn tentacles (Abyss:1)
  24 starspawn tentacle segments (Abyss:1)
34 creatures vanquished.

Grand Total: 1263 creatures vanquished

Notes
Turn   | Place    | Note
--------------------------------------------------------------
     0 | D:1      | Herrn, the Minotaur Fighter, began the quest for the Orb.
     0 | D:1      | Reached XP level 1. HP: 19/19 MP: 1/1
     3 | D:1      | Noticed a giant goldfish
     5 | D:1      | Noticed a shark
   100 | D:1      | Reached XP level 2. HP: 18/27 MP: 1/1
   309 | D:1      | Reached skill level 4 in Fighting
   424 | D:1      | Reached XP level 3. HP: 29/33 MP: 2/2
   537 | D:1      | Reached skill level 1 in Dodging
  1297 | D:2      | Found a shimmering altar of Xom.
  1297 | D:2      | Found a deep blue altar of Sif Muna.
  1594 | D:2      | Reached XP level 4. HP: 33/41 MP: 2/2
  2037 | D:3      | Noticed Terence
  2049 | D:3      | Killed Terence
  2049 | D:3      | Reached skill level 1 in Spellcasting
  2336 | D:3      | Reached XP level 5. HP: 47/47 MP: 4/4
  2791 | D:4      | Reached XP level 6. HP: 49/53 MP: 5/5
  3263 | D:4      | Found an ancient bone altar of Kikubaaqudgha.
  3266 | D:4      | Paralysed by a giant eyeball for 3 turns
  3287 | D:4      | Paralysed by a giant eyeball for 3 turns
  3293 | D:4      | Paralysed by a giant eyeball for 2 turns
  3295 | D:4      | Reached skill level 5 in Fighting
  3298 | D:4      | Paralysed by a giant eyeball for 3 turns
  3561 | D:5      | Entered Level 5 of the Dungeon
  3561 | D:5      | Noticed Grinder
  3580 | D:5      | Killed Grinder
  3580 | D:5      | Reached skill level 5 in Armour
  3580 | D:5      | Reached skill level 5 in Shields
  3580 | D:5      | Reached XP level 7. HP: 61/61 MP: 6/8
  3766 | D:5      | Reached skill level 5 in Dodging
  4197 | D:5      | Reached XP level 8. HP: 70/70 MP: 9/9
  4364 | D:5      | Found a staircase to the Ecumenical Temple.
  4423 | Temple   | Entered the Ecumenical Temple
  4484 | Temple   | Became a worshipper of Warmaster Okawaru
  4797 | D:6      | Got a faintly glowing falchion
  4804 | D:6      | Identified the +5,+4 falchion of Drought {vamp, Str+1 SInv} (You found it on level 6 of the Dungeon)
  4928 | D:6      | Reached skill level 6 in Shields
  5150 | D:6      | Noticed Dowan
  5151 | D:6      | Noticed Duvessa
  5210 | D:6      | Killed Dowan
  5216 | D:6      | Killed Duvessa
  5224 | D:6      | Got an ancient cutlass
  5333 | D:7      | Reached skill level 1 in Invocations
  5379 | D:7      | Reached skill level 5 in Long Blades
  5570 | D:7      | Got a warped ring mail
  5584 | D:7      | Identified the +4 ring mail of the Will of the Gods {+Blink rN+ Acc+4 Stlth++} (You found it on level 7 of the Dungeon)
  5598 | D:7      | Noticed Edmund
  5607 | D:7      | Killed Edmund
  5607 | D:7      | Acquired Okawaru's first power
  5661 | D:7      | Reached XP level 9. HP: 57/75 MP: 13/13
  6014 | D:7      | Noticed a troll
  6031 | D:7      | Killed a troll
  6031 | D:7      | Reached skill level 7 in Dodging
  6702 | D:8      | Found a staircase to the Lair.
  6855 | D:8      | Reached skill level 8 in Dodging
  7061 | D:8      | Noticed Grum
  7070 | D:8      | Killed Grum
  7070 | D:8      | Reached XP level 10. HP: 76/86 MP: 15/15
  7088 | D:8      | Gained mutation: Your body is slowly deteriorating. [potion of mutation]
  7088 | D:8      | Gained mutation: Your mind is acute. (Int +2) [potion of mutation]
  7088 | D:8      | Gained mutation: You tend to lose your temper in combat. [potion of mutation]
  7221 | D:8      | Noticed Eustachio
  7265 | D:8      | Killed Eustachio
  7528 | D:9      | Reached skill level 9 in Dodging
  7580 | D:9      | Found a staircase to the Orcish Mines.
  8372 | D:10     | Entered Level 10 of the Dungeon
  8395 | D:10     | Noticed an unseen horror
  8408 | D:10     | Killed an unseen horror
  8443 | D:10     | Noticed a cyclops
  8444 | D:10     | Noticed a griffon
  8477 | D:10     | Killed a griffon
  8477 | D:10     | Reached skill level 10 in Dodging
  8491 | D:10     | Killed a cyclops
  8491 | D:10     | Reached XP level 11. HP: 80/94 MP: 18/18
  8599 | D:9      | Identified the +4,+4 cutlass of Sin {slice, rF+ rN+} (You found it on level 6 of the Dungeon)
  8672 | Orc:1    | Entered Level 1 of the Orcish Mines
  8731 | Orc:1    | Found Hueharats' Distillery.
  8871 | Orc:1    | Found Shreav's Armour Emporium.
  9131 | Orc:2    | Acquired Okawaru's second power
  9279 | Orc:2    | Found a bloodstained altar of Trog.
  9851 | Orc:3    | Received a gift from Okawaru
  9962 | Orc:3    | Found a white marble altar of Elyvilon.
 10150 | Orc:3    | Found a staircase to the Elven Halls.
 10341 | Orc:4    | Entered Level 4 of the Orcish Mines
 10640 | Orc:3    | Reached skill level 5 in Invocations
 11154 | Orc:4    | Found a roughly hewn altar of Beogh.
 11227 | Orc:4    | Noticed an orc warlord
 11490 | Orc:4    | Killed an orc warlord
 11490 | Orc:4    | Reached skill level 5 in Spellcasting
 11505 | Orc:4    | Reached skill level 10 in Shields
 11654 | Orc:4    | Reached skill level 11 in Dodging
 11837 | Orc:4    | Noticed Fannar
 11882 | Orc:4    | Killed Fannar
 11882 | Orc:4    | Reached XP level 12. HP: 37/105 MP: 21/21
 12460 | Orc:4    | Received a gift from Okawaru
 12774 | Orc:4    | Found Shro Siuw's Gadget Shop.
 12774 | Orc:4    | Found Ciloodul's Book Emporium.
 12777 | Orc:4    | Found Strap's Food Shoppe.
 12779 | Orc:4    | Found Skaim's Antique Armour Boutique.
 12861 | Orc:4    | Noticed Donald
 12916 | Orc:4    | Killed Donald
 12916 | Orc:4    | Reached skill level 10 in Fighting
 13208 | Lair:1   | Entered Level 1 of the Lair of Beasts
 13439 | Lair:1   | Noticed Nergalle
 13475 | Lair:1   | Killed Nergalle
 13571 | Lair:1   | Noticed Harold
 13593 | Lair:1   | Killed Harold
 14608 | Lair:2   | Reached skill level 10 in Long Blades
 14658 | Lair:2   | Noticed an eight-headed hydra
 14827 | Lair:2   | Lost mutation: Your body is slowly deteriorating. [potion of cure mutation]
 14827 | Lair:2   | Lost mutation: You tend to lose your temper in combat. [potion of cure mutation]
 14827 | Lair:2   | Lost mutation: Your mind is acute. (Int +2) [potion of cure mutation]
 15197 | Lair:2   | Reached skill level 12 in Shields
 15456 | Lair:2   | Reached XP level 13. HP: 115/115 MP: 23/23
 15559 | Lair:3   | Received a gift from Okawaru
 15563 | Lair:3   | Got a faintly humming plate armour {god gift}
 15585 | Lair:3   | Identified the +1 plate armour of the Salmon {Str+3 Int+1} (Okawaru gifted it to you on level 3 of the Lair of Beasts)
 16692 | Orc:1    | Bought a potion of beneficial mutation for 420 gold pieces
 16692 | Orc:1    | Bought a potion of restore abilities for 36 gold pieces
 16696 | Orc:1    | Gained mutation: You have a somewhat thin skeletal structure (Dex +2, Stlth). [potion of beneficial mutation]
 17028 | D:10     | Noticed an unseen horror
 17042 | D:10     | Killed an unseen horror
 17391 | D:11     | Found Xotzeymeo's Antique Armour Shoppe.
 17505 | D:11     | Found a labyrinth entrance.
 17512 | Lab      | Entered a labyrinth
 19566 | Lab      | Got a shimmering silver ring
 19709 | D:11     | Found Reda's Antique Armour Emporium.
 19939 | D:11     | Found Trerph's Antique Weapon Emporium.
 19995 | D:11     | Found Stoin Shro's Magic Scroll Boutique.
 20141 | D:12     | Reached skill level 1 in Evocations
 20697 | D:13     | Received a gift from Okawaru
 20709 | D:13     | Reached skill level 13 in Shields
 20739 | D:13     | Noticed Urug
 20767 | D:13     | Killed Urug
 20807 | D:13     | Got a jewelled demon blade {god gift}
 20808 | D:13     | Identified the +13,+2 demon blade "Giantslayer" {freeze, Int+3} (Okawaru gifted it to you on level 13 of the Dungeon)
 21212 | D:13     | Reached XP level 14. HP: 99/126 MP: 25/25
 21535 | D:13     | Noticed Erolcha
 21550 | D:13     | Killed Erolcha
 21721 | D:13     | Received a gift from Okawaru
 21722 | D:13     | Got an ancient long sword {god gift}
 21723 | D:13     | Identified the +10,+4 long sword "Ogeydi" {holy, Noisy rElec Dex+4} (Okawaru gifted it to you on level 13 of the Dungeon)
 22207 | D:14     | Found a gate to the Vaults.
 22371 | D:14     | Noticed Roxanne
 22738 | D:14     | Reached skill level 10 in Armour
 23492 | D:14     | Killed Roxanne
 23534 | D:15     | Entered Level 15 of the Dungeon
 23738 | D:15     | Found a staircase to the Depths.
 23752 | D:15     | Received a gift from Okawaru
 24871 | D:15     | Noticed Frances
 24880 | D:15     | Killed Frances
 25063 | D:13     | Reached skill level 5 in Evocations
 25443 | Lair:4   | Reached skill level 14 in Shields
 25453 | Lair:4   | Reached XP level 15. HP: 126/136 MP: 26/26
 25901 | Lair:4   | Found a staircase to the Swamp.
 26850 | Lair:6   | Found a staircase to the Snake Pit.
 27472 | Lair:6   | Got a steaming ring mail
 27902 | Lair:7   | Received a gift from Okawaru
 27966 | Lair:7   | Identified the cursed +0 ring mail of Sif Muna's Reproof {Str-4 Dam+4} (You found it on level 6 of the Lair of Beasts)
 28220 | Lair:7   | Upgraded the game from 0.14-a0-3350-g14ab857 to 0.14-a0-3367-g7c2a7eb
 28707 | Lair:8   | Entered Level 8 of the Lair of Beasts
 28955 | Lair:8   | Found a staircase to the Slime Pits.
 28955 | Lair:8   | Found a viscous altar of Jiyva.
 29289 | Lair:8   | Reached skill level 15 in Shields
 29562 | Lair:8   | Received a gift from Okawaru
 29648 | Lair:8   | Reached skill level 15 in Fighting
 29721 | Lair:8   | Learned a level 9 spell: Shatter
 29951 | Snake:1  | Entered Level 1 of the Snake Pit
 29951 | Snake:1  | Noticed Aizul
 29972 | Snake:1  | Killed Aizul
 30440 | Orc:4    | Bought the +5 shield of Resistance {rF+ rC+ MR+} for 1683 gold pieces
 30530 | Elf:1    | Entered Level 1 of the Elven Halls
 30537 | Elf:1    | Reached XP level 16. HP: 132/149 MP: 27/27
 30570 | Elf:1    | Reached skill level 1 in Earth Magic
 31396 | Elf:1    | Found Baonaoz's Weapon Shoppe.
 31931 | Elf:2    | Reached skill level 15 in Long Blades
 32216 | Elf:2    | Found Totici's Food Emporium.
 32472 | Elf:2    | Received a gift from Okawaru
 32494 | Elf:2    | Identified the ring of Equivalence {Str+3 Int+3 Dam+6} (You found it in a labyrinth)
 32499 | Elf:2    | Got a transparent chain mail {god gift}
 32520 | Elf:2    | Identified the +0 chain mail of Rar Ghurch {rPois SInv} (Okawaru gifted it to you on level 2 of the Elven Halls)
 33207 | Elf:3    | Entered Level 3 of the Elven Halls
 33885 | Elf:3    | Cast into the Abyss (deep elf sorcerer)
 33939 | Abyss:1  | Found a corrupted altar of Lugonu.
 34016 | Abyss:1  | Noticed a tentacled starspawn
 34026 | Abyss:1  | Killed a tentacled starspawn
 34126 | Abyss:1  | Found a corrupted altar of Lugonu.
 34223 | Elf:3    | Escaped the Abyss
 34234 | Elf:3    | Noticed a deep elf blademaster
 34248 | Elf:3    | Killed from afar by a deep elf sorcerer

Action                   |  1- 3 |  4- 6 |  7- 9 | 10-12 | 13-15 | 16-18 || total
-------------------------+-------+-------+-------+-------+-------+-------++-------
Melee: Long sword        |   134 |   208 |    83 |       |   695 |   118 ||  1238
       Falchion          |       |       |   311 |  1452 |   865 |       ||  2628
       Unarmed           |       |       |     6 |       |       |       ||     6
       Demon blade       |       |       |       |       |       |   254 ||   254
Invok: Heroism           |       |       |       |     9 |     3 |       ||    12
       Finesse           |       |       |       |     1 |       |       ||     1
Evoke: Wand              |       |       |       |    13 |    11 |     7 ||    31
  Use: Scroll            |       |     7 |     1 |    15 |    26 |     6 ||    55
       Potion            |       |     5 |     1 |     7 |     8 |     4 ||    25
 Stab: Sleeping          |       |       |     5 |     1 |       |       ||     6
       Petrified         |       |       |       |       |     1 |       ||     1
